Cogmind - Beta 13 @@@ ROGUE MODE // 2024.04.13 @ 02:45:36 Player: A Moose Result: Destroyed by H-77 Assassin with Coil Gun Performance ------------- Evolutions (7) 3500 Regions Visited (23) 4600 Robots Destroyed (136) 680 Value Destroyed (8283) 8283 Prototype IDs (7) 140 Alien Tech Used (0) 0 Bonus (9115) 9115 TOTAL SCORE: 26318 Bonus ------- High Alert Combat Kills 1553 Follower Combat Kills 3137 Entered Garrisons 1000 Used RIF Installer 3000 Entered DSFs 500 Aligned with FarCom 300 Friendly Fire -375 Cogmind --------- Core Integrity 0/1300 Matter 290/300 Energy 84/100 System Corruption 26% Temperature Cool (0) Movement Core (50) Location -3/Research Parts ------- > --- POWER (2) -------- (None) > --- PROPULSION (5) --- (None) > --- UTILITY (10) ----- Relay Coupler [Swarmer] (53) > --- WEAPON (4) ------- (None) > --- INVENTORY (5) ---- Matter Compressor (250) Gravity Neutralizer Improved Weapon Cycler Peak State ------------ > --- POWER ------------ Improved Fusion Compressor Light Quantum Reactor > --- PROPULSION ------- Heavy Treads Centrium Wheel Centrium Wheel Centrium Wheel > --- UTILITY ---------- Advanced Heat Sink Advanced Sensor Array Improved Signal Interpreter Targeting Computer Core Analyzer Advanced Phase Shifter Hacking Suite Relay Coupler [NC] Relay Coupler [Swarmer] Relay Coupler [Grunt] > --- WEAPON ----------- KE Penetrator Heavy Mass Driver Improved Remote Datajack > --- INVENTORY -------- Light Quantum Reactor Matter Compressor Gravity Neutralizer Improved Weapon Cycler Dispersion Rifle [Rating: 113] Favorites ----------- Power Antimatter Reactor Engine Hybrid Deuterium Engine Power Core Micro Nuclear Core Reactor Antimatter Reactor Propulsion Heavy Treads Treads Heavy Treads Leg Flexi-carbon Leg Wheel Centrium Wheel Hover Unit Linear Gravjet Utility Core Analyzer Device Particle Charger Storage Small Storage Unit Processor Core Analyzer Hackware Relay Coupler [Grunt] Protection Weapon Shielding Weapon XL Autogun Subcomponent Energy Gun Dispersion Rifle Energy Cannon Compact HERF Cannon Ballistic Gun XL Autogun Subcomponent Ballistic Cannon Heavy Mass Driver Launcher Grenade Launcher Special Weapon Improved Remote Datajack Build | -11 -10 -10 -10 -9 -8 -8 -8 -7 -7 -6 -6 -6 -6 -6 -6 -5 -5 -5 -5 -5 -5 -4 -3 ------- Run | Yrd Mat Min Exi Min Mat Sto Gar Fac DSF Fac Was Fac Gar Fac Gar Fac Was Fac Gar Fac Gar Fac Res Slots Evolved 14 | . . . . . 4 . . 2 . 2 . . . . . 2 . . . . . 2 2 Power 1 | . . . . . . . . . . . . . . . . 1 . . . . . . . Propulsion 3 | . . . . . . . . 1 . 1 . . . . . . . . . . . . 1 Utility 8 | . . . . . 2 . . 1 . 1 . . . . . 1 . . . . . 2 1 Weapon 2 | . . . . . 2 . . . . . . . . . . . . . . . . . . Parts Attached 110 | 4 3 3 2 4 5 4 1 2 4 2 8 . . 5 6 2 10 1 5 1 20 6 12 Power 11 | 1 1 . . 1 . . . . 1 . 1 . . . . . 1 . . . 2 2 1 Engine 4 | 1 1 . . 1 . . . . 1 . . . . . . . . . . . . . . Core 2 | . . . . . . . . . . . . . . . . . . . . . 1 1 . Reactor 5 | . . . . . . . . . . . 1 . . . . . 1 . . . 1 1 1 Propulsion 27 | 2 . 1 . 1 1 3 . 1 2 1 3 . . . 1 . 2 . . . 3 . 6 Treads 19 | 2 . 1 . 1 1 3 . 1 2 1 3 . . . 1 . 2 . . . 1 . . Leg 2 | . . . . . . . . . . . . . . . . . . . . . 2 . . Wheel 3 | . . . . . . . . . . . . . . . . . . . . . . . 3 Hover 3 | . . . . . . . . . . . . . . . . . . . . . . . 3 Flight . | . . . . . . . . . . . . . . . . . . . . . . . . Utility 42 | . 1 1 1 . 3 1 1 1 1 1 4 . . 1 3 1 5 . 2 1 8 3 3 Device 19 | . . . . . 1 . . 1 . . 3 . . 1 . . 5 . . . 4 2 2 Storage 2 | . 1 . . . . . . . . . 1 . . . . . . . . . . . . Processor 3 | . . . . . 2 . . . . . . . . . . . . . . . 1 . . Hackware 9 | . . . . . . . . . . . . . . . 2 1 . . 2 . 2 1 1 Protection 9 | . . 1 1 . . 1 1 . 1 1 . . . . 1 . . . . 1 1 . . Artifact . | . . . . . . . . . . . . . . . . . . . . . . . . Weapon 30 | 1 1 1 1 2 1 . . . . . . . . 4 2 1 2 1 3 . 7 1 2 Energy Gun 6 | . . . 1 . . . . . . . . . . . . . . . . . 3 . 2 Energy Cannon 2 | . . . . . . . . . . . . . . . . . 1 . . . 1 . . Ballistic Gun 12 | 1 1 . . . 1 . . . . . . . . 4 1 . 1 1 . . 2 . . Ballistic Cannon 3 | . . . . 1 . . . . . . . . . . . . . . 1 . 1 . . Launcher 2 | . . 1 . 1 . . . . . . . . . . . . . . . . . . . Special Weapon 5 | . . . . . . . . . . . . . . . 1 1 . . 2 . . 1 . Impact Weapon . | . . . . . . . . . . . . . . . . . . . . . . . . Slashing Weapon . | . . . . . . . . . . . . . . . . . . . . . . . . Piercing Weapon . | . . . . . . . . . . . . . . . . . . . . . . . . Special Melee Weapon . | . . . . . . . . . . . . . . . . . . . . . . . . Unidentified Prototypes 5 | . . . 2 . 1 . . . . . . . . 1 . . . . . . . 1 . Parts Lost 40 | . 1 1 . . . . . . . . . . . . . . . 1 2 6 7 . 22 Power 6 | . 1 . . . . . . . . . . . . . . . . . . 2 . . 3 Propulsion 7 | . . . . . . . . . . . . . . . . . . . . . 2 . 5 Utility 15 | . . . . . . . . . . . . . . . . . . 1 1 1 3 . 9 Weapon 12 | . . 1 . . . . . . . . . . . . . . . . 1 3 2 . 5 Highest Loss Streak 22 | . 1 1 . . . . . . . . . . . . . . . 1 2 6 3 . 22 To Critical Strikes . | . . . . . . . . . . . . . . . . . . . . . . . . Average Slot Usage (%) 78 | . 78 97 68 88 71 72 72 76 76 80 68 66 66 78 85 82 88 87 85 87 75 85 77 Engine 4 | . 13 14 14 14 9 9 9 7 7 6 2 . . . . . . . . . . . . Reactor 4 | . . . . . . . . . . . 3 6 6 6 6 5 11 11 11 10 3 5 3 Treads 15 | . 28 28 28 28 18 18 18 23 23 26 15 13 13 13 13 11 11 11 11 11 6 5 3 Leg 1 | . . . . . . . . . . . . . . . . . . . . . 6 10 4 Device 5 | . . . . . 1 . . 7 7 6 12 13 13 13 6 5 11 11 6 5 6 11 12 Storage 7 | . 10 14 14 14 9 9 9 7 7 6 12 13 13 13 8 5 5 5 5 4 . . . Processor 11 | . . . . . 16 18 18 15 15 13 13 13 13 13 13 11 11 11 11 11 14 15 12 Hackware 5 | . . . . . . . . . . . . . . . 3 11 11 10 13 16 11 14 16 Protection 4 | . . 12 11 14 9 9 9 7 7 13 . . . . 5 5 . . . . 1 . . Ballistic Gun 10 | . 26 14 . . 9 9 9 7 7 6 6 6 6 18 24 17 22 17 11 11 6 5 3 Ballistic Cannon 1 | . . . . 3 . . . . . . . . . . . . . . 3 5 2 5 3 Launcher 1 | . . 12 . 13 . . . . . . . . . . . . . . . . . . . Naked Turns . | . . . . . . . . . . . . . . . . . . . . . . . . Heaviest Build 67 | 7 13 16 11 22 31 30 35 36 36 42 44 44 44 44 48 44 57 59 60 67 56 57 57 Greatest Support 140 | 40 40 40 40 40 40 40 40 60 60 80 140 140 140 140 140 140 140 140 140 140 140 70 70 Greatest Overweight (x) 3 | . . . . . . . . . . . . . . . . . . . . . . . 3 Average Overweight (x) . | . . . . . . . . . . . . . . . . . . . . . . . . Largest Inventory Capacity 8 | 5 8 8 8 8 8 8 8 8 8 8 8 8 8 8 8 8 8 8 8 8 5 5 5 Average Capacity 7 | 5 7 8 8 8 8 8 8 8 8 8 8 8 8 8 8 8 8 8 8 7 5 5 5 Most Carried 8 | 5 7 8 8 8 8 8 8 7 8 8 8 8 8 8 8 8 8 8 8 8 5 5 5 Average Carried 7 | 3 4 7 7 7 7 8 8 6 7 7 7 8 7 8 7 7 7 8 7 7 4 4 4 Final Capacity 8 | 5 8 8 8 8 8 8 8 8 8 8 8 8 8 8 8 8 8 8 8 5 5 5 5 Final Carried 8 | 4 7 8 8 8 8 8 8 6 8 8 8 8 8 8 8 8 8 8 8 5 5 5 3 Class Distribution -------------------- 36% | Scavenger-Skirmisher 19% | Mutant 16% | Skirmisher 15% | Scavenger-Gunner 7% | Bothacker-Skirmisher 3% | Scavenger-Mutant Dominant Class ---------------- Mutant | -10/Materials Mutant | -10/Mines Mutant | -10/Exiles Mutant | -9/Mines Skirmisher | -8/Materials Skirmisher | -8/Storage Skirmisher | -8/Garrison Scavenger-Skirmisher | -7/Factory Scavenger-Skirmisher | -7/DSF Scavenger-Skirmisher | -6/Factory Scavenger-Skirmisher | -6/Waste Scavenger-Skirmisher | -6/Factory Scavenger-Skirmisher | -6/Garrison Scavenger-Skirmisher | -6/Factory Scavenger-Gunner | -6/Garrison Scavenger-Gunner | -5/Factory Scavenger-Skirmisher | -5/Waste Scavenger-Skirmisher | -5/Factory Bothacker-Skirmisher | -5/Garrison Bothacker-Skirmisher | -5/Factory Scavenger-Gunner | -5/Garrison Scavenger-Gunner | -4/Factory Scavenger-Skirmisher | -3/Research Resources | -11 -10 -10 -10 -9 -8 -8 -8 -7 -7 -6 -6 -6 -6 -6 -6 -5 -5 -5 -5 -5 -5 -4 -3 ----------- Run | Yrd Mat Min Exi Min Mat Sto Gar Fac DSF Fac Was Fac Gar Fac Gar Fac Was Fac Gar Fac Gar Fac Res Matter Collected 5392 | 240 374 37 30 109 467 553 192 34 302 . 702 . 350 200 390 . 350 10 179 125 592 . 156 Remotely . | . . . . . . . . . . . . . . . . . . . . . . . . Salvage Created 7685 | . 361 . . 72 846 865 352 34 304 . 1417 . 379 253 690 . 1021 76 107 48 802 . 58 Parts 289 | . 17 . . 9 45 52 26 2 13 . 18 . 9 10 28 . 11 1 1 3 39 . 5 Haulers Intercepted 5 | . 1 . . . . 3 . . 1 . . . . . . . . . . . . . . Recyclers Shooed 1 | . 1 . . . . . . . . . . . . . . . . . . . . . . Parts Field Recycled . | . . . . . . . . . . . . . . . . . . . . . . . . Retrieved Matter . | . . . . . . . . . . . . . . . . . . . . . . . . Parts Self-Destructed . | . . . . . . . . . . . . . . . . . . . . . . . . Prevented . | . . . . . . . . . . . . . . . . . . . . . . . . Kills | -11 -10 -10 -10 -9 -8 -8 -8 -7 -7 -6 -6 -6 -6 -6 -6 -5 -5 -5 -5 -5 -5 -4 -3 ------- Run | Yrd Mat Min Exi Min Mat Sto Gar Fac DSF Fac Was Fac Gar Fac Gar Fac Was Fac Gar Fac Gar Fac Res Combat Hostiles Destroyed 121 | . 7 . . 4 15 14 11 . 5 . 5 . 8 4 12 . 3 2 2 1 27 . 1 Melee 3 | . . . . . . . . . . . . . . . . . . . . . 3 . . Guns 106 | . 7 . . . 15 14 11 . 5 . 5 . 8 4 12 . 3 2 2 1 17 . . Cannons 9 | . . . . 1 . . . . . . . . . . . . . . . . 7 . 1 AOE 3 | . . . . 3 . . . . . . . . . . . . . . . . . . . Classes Destroyed 19 | . 3 . . 1 5 . 1 . 2 . 1 . 1 . 2 . . 1 1 . 1 . . Worker 3 | . . . . . 1 . . 2 . . . . . . . . . . . . . . . Hauler 5 | . 1 . . . . 3 . . 1 . . . . . . . . . . . . . . Recycler 2 | . . . . . 1 1 . . . . . . . . . . . . . . . . . Operator 1 | . 1 . . . . . . . . . . . . . . . . . . . . . . Watcher 3 | . . . . . 1 2 . . . . . . . . . . . . . . . . . Swarmer 28 | . . . . 2 3 3 6 . 1 . . . 1 . . . . . . . 12 . . Cutter 3 | . . . . . . . . . . . . . . . . . . . . . 3 . . Saboteur 1 | . . . . . . . . . . . . . 1 . . . . . . . . . . Grunt 56 | . 7 . . 2 7 8 3 . . . . . 6 2 7 . . . 1 1 11 . 1 Brawler 1 | . . . . . . . . . . . . . . . 1 . . . . . . . . Duelist 3 | . . . . . 1 . . . . . . . . 1 1 . . . . . . . . Sentry 10 | . . . . . 5 3 . . . . . . . 1 1 . . . . . . . . Demolisher 2 | . . . . . . . . . . . . . . . . . . 2 . . . . . Specialist 4 | . . . . . . . 2 . 2 . . . . . . . . . . . . . . Hunter 3 | . . . . . . . . . 1 . . . . . 1 . . . . . 1 . . Programmer 1 | . . . . . . . . . . . . . . . 1 . . . . . . . . Heavy 1 | . . . . . . . . . 1 . . . . . . . . . . . . . . Behemoth 1 | . . . . . . . . . . . . . . . . . . . 1 . . . . Compactor 8 | . . . . . . . . . . . 5 . . . . . 3 . . . . . . Best Kill Streak 10 | . 2 . . 2 5 10 4 2 4 . 2 . 4 2 4 . 2 2 1 1 7 . 1 Combat Bots Only 7 | . 2 . . 2 4 6 4 . 3 . 2 . 4 2 4 . 2 2 1 1 7 . 1 Max Kills in Single Turn 2 | . 1 . . 2 2 2 2 1 1 . 1 . 1 1 2 . 1 1 1 1 2 . 1 Gunslinging 1 | . . . . . . . . . . . . . . . 1 . . . . . 1 . . Exploded 2 | . . . . 2 . . . . . . . . . . . . . . . . . . . Melee 1 | . . . . . . . . . . . . . . . . . . . . . 1 . . Uniques/NPCs Destroyed . | . . . . . . . . . . . . . . . . . . . . . . . . Combat | -11 -10 -10 -10 -9 -8 -8 -8 -7 -7 -6 -6 -6 -6 -6 -6 -5 -5 -5 -5 -5 -5 -4 -3 -------- Run | Yrd Mat Min Exi Min Mat Sto Gar Fac DSF Fac Was Fac Gar Fac Gar Fac Was Fac Gar Fac Gar Fac Res Hostile Shots Fired 603 | . 38 6 . 3 24 19 12 . 9 . . . 13 40 38 . . 2 14 63 122 . 200 Missed 171 | . 7 1 . 1 8 4 5 . 6 . . . 4 16 12 . . 1 1 14 35 . 56 Damage Taken 8825 | . 460 71 . 17 210 195 63 . 101 . . . 395 230 411 . . 202 552 1155 1539 . 3224 Core 1841 | . 137 14 . . 24 34 . . . . . . 19 41 49 . . 16 . 58 143 . 1306 Absorbed by Shields 192 | . . . . . . . . . . . . . . . . . . . . . 192 . . Reduced by Siege Mode 199 | . . . . . . . . . . . . . . . 15 . . . 122 . 11 . 51 Redirected to Shielding 30 | . . . . 2 24 4 . . . . . . . . . . . . . . . . . Regen/Repaired (Parts) 267 | . . . . . . . . . . . . . . . . . 5 . 82 180 . . . Core Remaining (%) 84 | 100 . . . 39 . . 89 . 100 . . . . . 87 . . . . . 78 100 . Volleys Fired 388 | . 40 1 . 6 29 33 21 2 11 . 38 . 22 14 35 . 20 3 20 17 63 3 10 Largest 4 | . 2 1 . 2 1 1 1 1 1 . 1 . 1 4 4 . 4 3 3 3 2 1 2 Hottest 176 | . 40 20 . 78 60 60 60 60 60 . 60 . 60 80 80 . 80 73 147 118 120 7 176 Shots Fired 643 | . 74 1 . 7 29 33 21 2 11 . 38 . 22 42 108 . 80 9 33 29 87 3 14 Gun 581 | . 74 1 . . 29 33 21 2 11 . 38 . 22 42 105 . 80 9 29 14 60 . 11 Cannon 41 | . . . . 4 . . . . . . . . . . . . . . 4 5 27 . 1 Launcher 3 | . . . . 3 . . . . . . . . . . . . . . . . . . . Special 18 | . . . . . . . . . . . . . . . 3 . . . . 10 . 3 2 Kinetic 596 | . 74 1 . 4 29 33 21 2 11 . 38 . 22 42 105 . 80 9 29 19 73 . 4 Thermal 21 | . . . . . . . . . . . . . . . . . . . . . 13 . 8 Explosive 3 | . . . . 3 . . . . . . . . . . . . . . . . . . . Electromagnetic 5 | . . . . . . . . . . . . . . . . . . . 4 . 1 . . Robot Hit Streak 33 | . 9 . . 2 5 9 6 1 9 . 11 . 8 9 13 . 33 7 8 10 18 7 8 Robot Miss Streak 7 | . 3 3 . 2 7 7 6 2 3 . 3 . 5 3 2 . 2 1 3 3 4 . 4 Penetration Max 1 | . . . . . . . . . . . . . . . . . . . . . 1 . 1 Secondary Targets 14 | . 1 . . . . . . . . . . . . . 2 . 2 2 . . 7 . . Max Gunslinging Chain 1 | . 1 . . . . . . . . . . . . . 1 . 1 1 . . 1 . . Shots Hit Robots 460 | . 50 . . 2 25 25 16 2 11 . 38 . 13 27 62 . 68 7 22 20 61 3 8 Core Hits 253 | . 17 . . 4 26 29 14 3 9 . 22 . 16 12 28 . 13 4 7 8 39 . 2 Critical Kills 2 | . . . . . . . . . . . . . . . . . . . . . 2 . . Critical Parts Destroyed 2 | . 1 . . . . . . . . . . . . . . . . . . . . . 1 Critical Strikes 11 | . 1 . . 1 . . . . . . . . . . . . . . . 2 6 . 1 Destroy 4 | . 1 . . . . . . . . . . . . . . . . . . . 2 . 1 Blast 7 | . . . . 1 . . . . . . . . . . . . . . . 2 4 . . Melee Attacks . | . . . . . . . . . . . . . . . . . . . . . . . . Impact . | . . . . . . . . . . . . . . . . . . . . . . . . Slashing . | . . . . . . . . . . . . . . . . . . . . . . . . Piercing . | . . . . . . . . . . . . . . . . . . . . . . . . Sneak Attacks . | . . . . . . . . . . . . . . . . . . . . . . . . Combat Hostiles . | . . . . . . . . . . . . . . . . . . . . . . . . Follow-up Attacks . | . . . . . . . . . . . . . . . . . . . . . . . . Damage Inflicted 15833 | . 547 3 . 179 1322 1303 915 77 530 . 2980 . 882 606 1137 . 1412 150 505 413 2491 . 381 Guns 13682 | . 535 . . . 1322 1303 915 77 530 . 2980 . 742 606 1137 . 1412 150 465 217 973 . 318 Cannons 1846 | . . . . 47 . . . . . . . . . . . . . . 40 187 1509 . 63 Explosions 272 | . . . . 132 . . . . . . . . 140 . . . . . . . . . . Melee . | . . . . . . . . . . . . . . . . . . . . . . . . Ramming 33 | . 12 3 . . . . . . . . . . . . . . . . . 9 9 . . Kinetic 15074 | . 535 . . 47 1322 1303 915 77 530 . 2980 . 742 606 1137 . 1412 150 465 404 2266 . 183 Thermal 414 | . . . . . . . . . . . . . . . . . . . . . 216 . 198 Explosive 272 | . . . . 132 . . . . . . . . 140 . . . . . . . . . . Electromagnetic 40 | . . . . . . . . . . . . . . . . . . . 40 . . . . Impact . | . . . . . . . . . . . . . . . . . . . . . . . . Slashing . | . . . . . . . . . . . . . . . . . . . . . . . . Piercing . | . . . . . . . . . . . . . . . . . . . . . . . . Highest Corruption 26 | . 1 1 1 1 . . . . . . . . . . . . . . . . . . 26 Average Corruption 1 | . 1 1 1 1 . . . . . . . . . . . . . . . . . . 12 Corruption Purged . | . . . . . . . . . . . . . . . . . . . . . . . . Corruption Blocked . | . . . . . . . . . . . . . . . . . . . . . . . . Effects 15 | . 1 3 3 4 . . . . . . . . . . . . . . . . . . 4 Message Errors 2 | . . . . 2 . . . . . . . . . . . . . . . . . . . Matter Fused 3 | . . . 1 1 . . . . . . . . . . . . . . . . . . 1 Heat Flow Errors 1 | . . . 1 . . . . . . . . . . . . . . . . . . . . Energy Discharges 2 | . . 1 . 1 . . . . . . . . . . . . . . . . . . . Parts Rejected 1 | . . . . . . . . . . . . . . . . . . . . . . . 1 Data Loss (minor) 3 | . 1 1 . . . . . . . . . . . . . . . . . . . . 1 Data Loss (major) 2 | . . 1 1 . . . . . . . . . . . . . . . . . . . . Misdirections 1 | . . . . . . . . . . . . . . . . . . . . . . . 1 Overload Shots . | . . . . . . . . . . . . . . . . . . . . . . . . Overflow Damage 17 | . . . . . . . . . . . . . 3 . . . . . . . 14 . . Projectiles 14 | . . . . . . . . . . . . . . . . . . . . . 14 . . Explosions 3 | . . . . . . . . . . . . . 3 . . . . . . . . . . Melee . | . . . . . . . . . . . . . . . . . . . . . . . . Knockbacks 18 | . . . . . . . . . . . . . . . . . . . . 2 16 . . Impact . | . . . . . . . . . . . . . . . . . . . . . . . . Kinetic 17 | . . . . . . . . . . . . . . . . . . . . 2 15 . . Secondary 1 | . . . . . . . . . . . . . . . . . . . . . 1 . . Self-Inflicted Damage 94 | . . . . . . . . . . . . . 94 . . . . . . . . . . Shots 1 | . . . . . . . . . . . . . 1 . . . . . . . . . . Rammed 21 | . 2 1 . . . . . . . . . . . . . . . . . 3 15 . . Targets Rammed 24 | . 2 1 . . . . . . . . . . . . . . . . . 3 18 . . Kicked . | . . . . . . . . . . . . . . . . . . . . . . . . Crushed 3 | . . . . . . . . . . . . . . . . . . . . . 3 . . Highest Temperature 312 | . 27 . 149 16 247 138 204 34 70 . 312 . 163 218 234 . 237 76 230 156 300 . 195 Average Temperature 87 | . 8 . 83 6 62 45 70 22 29 . 171 . 48 79 85 . 111 37 136 57 111 . 112 Received Heat Transfer 1566 | . 240 18 . . 54 45 . . . . . . 45 66 144 . . . 126 183 291 . 354 Effects 4 | . . . . . . . . . . . 1 . . . . . . . 3 . . . . Energy Bleed 1 | . . . . . . . . . . . 1 . . . . . . . . . . . . Interference 3 | . . . . . . . . . . . . . . . . . . . 3 . . . . Siege Activations 7 | . . . . . . . . . . . 1 . . . 1 . 1 . 1 . 2 . 1 Total Turns 140 | . . . . . . . . . . . 10 . . . 31 . 18 . 32 . 38 . 11 Longest Duration 32 | . . . . . . . . . . . 10 . . . 31 . 18 . 32 . 20 . 11 Robots Corrupted . | . . . . . . . . . . . . . . . . . . . . . . . . Combat Hostiles . | . . . . . . . . . . . . . . . . . . . . . . . . Parts Fried 1 | . 1 . . . . . . . . . . . . . . . . . . . . . . Impact Corruptions . | . . . . . . . . . . . . . . . . . . . . . . . . Robots Melted . | . . . . . . . . . . . . . . . . . . . . . . . . Combat Hostiles . | . . . . . . . . . . . . . . . . . . . . . . . . Parts Melted . | . . . . . . . . . . . . . . . . . . . . . . . . Heat Transferred 518 | . . . . . . . . . . . . . . . . . . . . . 296 . 222 Parts Sabotaged . | . . . . . . . . . . . . . . . . . . . . . . . . Parts Stolen . | . . . . . . . . . . . . . . . . . . . . . . . . Parts Stripped . | . . . . . . . . . . . . . . . . . . . . . . . . Power Chain Reactions . | . . . . . . . . . . . . . . . . . . . . . . . . Alert | -11 -10 -10 -10 -9 -8 -8 -8 -7 -7 -6 -6 -6 -6 -6 -6 -5 -5 -5 -5 -5 -5 -4 -3 ------- Run | Yrd Mat Min Exi Min Mat Sto Gar Fac DSF Fac Was Fac Gar Fac Gar Fac Was Fac Gar Fac Gar Fac Res Peak Influence 2139 | . 186 5 . 146 408 395 506 296 465 257 113 252 2139 1151 1233 646 230 401 1387 1479 1574 831 372 Initial 1075 | . . . . . 49 81 182 265 207 243 89 . 176 1075 729 646 226 161 276 728 819 826 333 Average 639 | . 95 2 . 66 212 270 372 276 305 244 63 78 1442 1096 972 646 227 296 1151 982 1151 811 309 Maximum Alert Level 5 | . . . . . 2 1 2 1 2 1 . 1 5 4 4 2 1 2 4 4 4 3 1 Low Security (%) 23 | 100 100 100 . 100 26 12 16 . . . 100 93 9 . . . . 10 . . . . 11 Level 1 25 | . . . . . 71 87 38 100 84 100 . 6 2 . . . 100 50 8 . . . 88 Level 2 7 | . . . . . 1 . 44 . 15 . . . 11 . . 100 . 39 12 . . 8 . Level 3 18 | . . . . . . . . . . . . . 2 47 76 . . . 5 55 44 91 . Level 4 20 | . . . . . . . . . . . . . 17 52 23 . . . 74 44 55 . . Level 5 4 | . . . . . . . . . . . . . 56 . . . . . . . . . . High Security . | . . . . . . . . . . . . . . . . . . . . . . . . Max Security . | . . . . . . . . . . . . . . . . . . . . . . . . Sterilizations 1 | . . . . . . . . . 1 . . . . . . . . . . . . . . Squads Dispatched 23 | . 2 . . 1 1 . . . 2 . . 1 . 2 . . . 3 . 9 . 1 1 Investigation 4 | . 1 . . 1 . . . . . . . . . . . . . . . 2 . . . Extermination 2 | . . . . . . . . . . . . . . . . . . 1 . . . . 1 Reinforcement 9 | . 1 . . . 1 . . . 2 . . . . 1 . . . 1 . 3 . . . Assault 2 | . . . . . . . . . . . . . . . . . . . . 1 . 1 . Garrison 6 | . . . . . . . . . . . . 1 . 1 . . . 1 . 3 . . . Intercept . | . . . . . . . . . . . . . . . . . . . . . . . . Searches Triggered . | . . . . . . . . . . . . . . . . . . . . . . . . Construction Impeded 1 | . . . . . . . . . . . . . . . . . . . . 1 . . . Haulers Reinforced 1 | . . . . . . . . . . . . . . . . . . . . 1 . . . Active Scanning Responses . | . . . . . . . . . . . . . . . . . . . . . . . . Cargo Convoy Interrupts . | . . . . . . . . . . . . . . . . . . . . . . . . Stealth | -11 -10 -10 -10 -9 -8 -8 -8 -7 -7 -6 -6 -6 -6 -6 -6 -5 -5 -5 -5 -5 -5 -4 -3 --------- Run | Yrd Mat Min Exi Min Mat Sto Gar Fac DSF Fac Was Fac Gar Fac Gar Fac Was Fac Gar Fac Gar Fac Res Distress Signals 6 | . . . . . 2 1 . . . . . 2 . . . . . . . 1 . . . Communications Jammed . | . . . . . . . . . . . . . . . . . . . . . . . . Distress Signals . | . . . . . . . . . . . . . . . . . . . . . . . . Times Spotted 232 | . 13 2 . 6 21 17 10 . 8 . 6 5 29 6 17 . 6 8 12 24 27 1 14 Peak Tracking Total 11 | . 4 2 . 3 7 4 4 . 2 . 2 3 7 3 6 . 3 7 6 7 7 1 11 Tactical Retreats 5 | . . . . . 1 . . . . . . . 1 1 1 . . . . . . . 1 Traps | -11 -10 -10 -10 -9 -8 -8 -8 -7 -7 -6 -6 -6 -6 -6 -6 -5 -5 -5 -5 -5 -5 -4 -3 ------- Run | Yrd Mat Min Exi Min Mat Sto Gar Fac DSF Fac Was Fac Gar Fac Gar Fac Was Fac Gar Fac Gar Fac Res Traps Triggered 8 | . 1 . . . 1 . . . . 1 . . 2 . . 1 . . 2 . . . . Indirectly . | . . . . . . . . . . . . . . . . . . . . . . . . Trap Hack Attempts . | . . . . . . . . . . . . . . . . . . . . . . . . Triggered . | . . . . . . . . . . . . . . . . . . . . . . . . Disarmed . | . . . . . . . . . . . . . . . . . . . . . . . . Reprogrammed . | . . . . . . . . . . . . . . . . . . . . . . . . Reused . | . . . . . . . . . . . . . . . . . . . . . . . . Traps Extracted . | . . . . . . . . . . . . . . . . . . . . . . . . Installed . | . . . . . . . . . . . . . . . . . . . . . . . . Triggered . | . . . . . . . . . . . . . . . . . . . . . . . . Machines | -11 -10 -10 -10 -9 -8 -8 -8 -7 -7 -6 -6 -6 -6 -6 -6 -5 -5 -5 -5 -5 -5 -4 -3 ---------- Run | Yrd Mat Min Exi Min Mat Sto Gar Fac DSF Fac Was Fac Gar Fac Gar Fac Was Fac Gar Fac Gar Fac Res Machines Disabled 38 | . . . . 4 . 5 1 1 1 . . 1 11 2 3 . . . 5 2 2 . . Max in Single Turn 4 | . . . . 4 . 1 1 1 . . . . 2 1 1 . . . 1 . 1 . . Garrison Access 2 | . . . . . . . . . . . . . . . . 1 . . . . . 1 . Garrison Relay 14 | . . . . . . . 1 . . . . . 6 . 3 . . . 2 . 2 . . Phase Generator 1 | . . . . . . . . . . . . . 1 . . . . . . . . . . Machines Repaired . | . . . . . . . . . . . . . . . . . . . . . . . . Machines Dismantled . | . . . . . . . . . . . . . . . . . . . . . . . . Machines Sabotaged . | . . . . . . . . . . . . . . . . . . . . . . . . Overloaded Fab Kills . | . . . . . . . . . . . . . . . . . . . . . . . . Hacking | -11 -10 -10 -10 -9 -8 -8 -8 -7 -7 -6 -6 -6 -6 -6 -6 -5 -5 -5 -5 -5 -5 -4 -3 --------- Run | Yrd Mat Min Exi Min Mat Sto Gar Fac DSF Fac Was Fac Gar Fac Gar Fac Was Fac Gar Fac Gar Fac Res Machines Accessed 48 | . 1 . 2 1 4 7 2 1 . 1 . 1 4 2 . 1 . 5 2 6 1 4 3 Terminals 33 | . 1 . . . 4 5 2 1 . 1 . . 4 1 . . . 3 2 3 1 3 2 Fabricators 4 | . . . . . . . . . . . . . . . . . . 1 . 2 . . 1 Repair Stations . | . . . . . . . . . . . . . . . . . . . . . . . . Recycling Units 1 | . . . . . . 1 . . . . . . . . . . . . . . . . . Scanalyzers . | . . . . . . . . . . . . . . . . . . . . . . . . Garrison Access 7 | . . . . . . 1 . . . . . 1 . 1 . 1 . 1 . 1 . 1 . Total Hacks 85 | . 2 . 3 1 9 16 3 1 . 2 . 1 10 2 . 2 . 8 3 12 1 4 5 Successful 41 | . 2 . 3 1 . 8 2 1 . 1 . 1 1 2 . 2 . 5 1 4 1 3 3 Failed 44 | . . . . . 9 8 1 . . 1 . . 9 . . . . 3 2 8 . 1 2 Catastrophic 11 | . . . . . 3 1 . . . . . . 1 . . . . 1 1 3 . . 1 Database Lockouts . | . . . . . . . . . . . . . . . . . . . . . . . . Manual 6 | . . . 1 . . 4 . . . . . . 1 . . . . . . . . . . Terminals 65 | . 2 . . . 9 14 3 1 . 2 . . 10 1 . . . 6 3 6 1 3 4 Fabricators 7 | . . . . . . . . . . . . . . . . . . 1 . 5 . . 1 Repair Stations . | . . . . . . . . . . . . . . . . . . . . . . . . Recycling Units 1 | . . . . . . 1 . . . . . . . . . . . . . . . . . Scanalyzers . | . . . . . . . . . . . . . . . . . . . . . . . . Garrison Access 8 | . . . . . . 1 . . . . . 1 . 1 . 2 . 1 . 1 . 1 . Terminal Hacks 28 | . 2 . 3 1 . 5 2 1 . 1 . . 1 1 . . . 3 1 1 1 2 3 Record 7 | . . . 3 . . . . . . . . . . . . . . 1 . . . . 3 Open Door 2 | . . . . 1 . 1 . . . . . . . . . . . . . . . . . Open DSF 2 | . . . . . . . . 1 . . . . . . . . . . . . . 1 . Branch Access Points 1 | . . . . . . 1 . . . . . . . . . . . . . . . . . Emergency Access Points 4 | . . . . . . . . . . . . . 1 . . . . 1 1 . 1 . . Garrison Index 1 | . . . . . . . . . . . . . . . . . . . . 1 . . . Alert Level 1 | . . . . . . 1 . . . . . . . . . . . . . . . . . Locate Traps 3 | . . . . . . 1 . . . 1 . . . . . . . 1 . . . . . Dispatch Records 1 | . 1 . . . . . . . . . . . . . . . . . . . . . . Investigation Status 1 | . 1 . . . . . . . . . . . . . . . . . . . . . . Hauler Manifests 1 | . . . . . . . . . . . . . . 1 . . . . . . . . . Zone Layout 2 | . . . . . . 1 . . . . . . . . . . . . . . . 1 . Garrison Registry 1 | . . . . . . . 1 . . . . . . . . . . . . . . . . Patrol Navigation 1 | . . . . . . . 1 . . . . . . . . . . . . . . . . Fabricator Hacks 3 | . . . . . . . . . . . . . . . . . . 1 . 2 . . . Network Status 1 | . . . . . . . . . . . . . . . . . . . . 1 . . . Build 2 | . . . . . . . . . . . . . . . . . . 1 . 1 . . . Repair Station Hacks . | . . . . . . . . . . . . . . . . . . . . . . . . Recycling Unit Hacks 1 | . . . . . . 1 . . . . . . . . . . . . . . . . . Report Inventory 1 | . . . . . . 1 . . . . . . . . . . . . . . . . . Scanalyzer . | . . . . . . . . . . . . . . . . . . . . . . . . Garrison Access Hacks 8 | . . . . . . 1 . . . . . 1 . 1 . 2 . 1 . 1 . 1 . Unlock Access 5 | . . . . . . 1 . . . . . 1 . 1 . . . 1 . 1 . . . Seal Access 2 | . . . . . . . . . . . . . . . . 1 . . . . . 1 . Coupler Status 1 | . . . . . . . . . . . . . . . . 1 . . . . . . . Unauthorized Hacks 1 | . . . . . . 1 . . . . . . . . . . . . . . . . . Terminals 1 | . . . . . . 1 . . . . . . . . . . . . . . . . . Assimilate 1 | . . . . . . 1 . . . . . . . . . . . . . . . . . Fabricators . | . . . . . . . . . . . . . . . . . . . . . . . . Repair Stations . | . . . . . . . . . . . . . . . . . . . . . . . . Recycling Units . | . . . . . . . . . . . . . . . . . . . . . . . . Scanalyzers . | . . . . . . . . . . . . . . . . . . . . . . . . Garrison Access . | . . . . . . . . . . . . . . . . . . . . . . . . Data Cores Recovered . | . . . . . . . . . . . . . . . . . . . . . . . . Used . | . . . . . . . . . . . . . . . . . . . . . . . . Hacking Detections 32 | . . . . . 4 6 . . . 1 . . 4 1 . . . 4 1 5 1 2 3 Full Trace Events 4 | . . . . . . . . . . . . . 1 . . . . . 1 2 . . . Feedback Events . | . . . . . . . . . . . . . . . . . . . . . . . . Feedback Blocked . | . . . . . . . . . . . . . . . . . . . . . . . . Robot Schematics Acquired . | . . . . . . . . . . . . . . . . . . . . . . . . Robots Built 2 | . . . . . . . . . . . . . . . . . . 1 . 1 . . . Authchips . | . . . . . . . . . . . . . . . . . . . . . . . . Time 121 | . . . . . . . . . . . . . . . . . . 81 . 40 . . . Total Robot Build Rating 2 | . . . . . . . . . . . . . . . . . . 1 . 1 . . . Part Schematics Acquired . | . . . . . . . . . . . . . . . . . . . . . . . . Parts Built . | . . . . . . . . . . . . . . . . . . . . . . . . Authchips . | . . . . . . . . . . . . . . . . . . . . . . . . Time . | . . . . . . . . . . . . . . . . . . . . . . . . Total Part Build Rating . | . . . . . . . . . . . . . . . . . . . . . . . . Parts Repaired . | . . . . . . . . . . . . . . . . . . . . . . . . Time . | . . . . . . . . . . . . . . . . . . . . . . . . Parts Recycled . | . . . . . . . . . . . . . . . . . . . . . . . . Recycled Matter . | . . . . . . . . . . . . . . . . . . . . . . . . Retrieved Matter . | . . . . . . . . . . . . . . . . . . . . . . . . Retrieved Components . | . . . . . . . . . . . . . . . . . . . . . . . . Parts Scanalyzed . | . . . . . . . . . . . . . . . . . . . . . . . . Part Schematics Acquired . | . . . . . . . . . . . . . . . . . . . . . . . . Parts Damaged . | . . . . . . . . . . . . . . . . . . . . . . . . Bothacking | -11 -10 -10 -10 -9 -8 -8 -8 -7 -7 -6 -6 -6 -6 -6 -6 -5 -5 -5 -5 -5 -5 -4 -3 ------------ Run | Yrd Mat Min Exi Min Mat Sto Gar Fac DSF Fac Was Fac Gar Fac Gar Fac Was Fac Gar Fac Gar Fac Res Used RIF Installer 6 | . . . . . . . 2 . . . . . 1 . 1 . . . 1 . 1 . . Coupler Efficiency 1 | . . . . . . . . . . . . . . . . . . . 1 . . . . Code Merge 1 | . . . . . . . . . . . . . . . . . . . . . 1 . . Zone Cloak 1 | . . . . . . . . . . . . . 1 . . . . . . . . . . Structural Interface 1 | . . . . . . . . . . . . . . . 1 . . . . . . . . Program Shield 1 | . . . . . . . 1 . . . . . . . . . . . . . . . . Robots Hacked 12 | . . . . . . . . . . . . . . . 3 . . . . 7 . 2 . Non-combat 4 | . . . . . . . . . . . . . . . . . . . . 3 . 1 . Combat 8 | . . . . . . . . . . . . . . . 3 . . . . 4 . 1 . Robot Hacks Applied 13 | . . . . . . . . . . . . . . . 3 . . . . 7 . 3 . no_distress 1 | . . . . . . . . . . . . . . . . . . . . . . 1 . deconstruct_machine 1 | . . . . . . . . . . . . . . . . . . . . 1 . . . find_recycling 1 | . . . . . . . . . . . . . . . . . . . . . . 1 . scatter_targeting 1 | . . . . . . . . . . . . . . . . . . . . 1 . . . amplify_resonance 2 | . . . . . . . . . . . . . . . 1 . . . . 1 . . . formatsys_low 2 | . . . . . . . . . . . . . . . . . . . . 2 . . . formatsys_high 5 | . . . . . . . . . . . . . . . 2 . . . . 2 . 1 . Relay Couplers Released 61 | . . . . . . . 5 . . . . . 27 . 13 . . . 9 . 7 . . Machine Destruction 58 | . . . . . . . 5 . . . . . 27 . 13 . . . 6 . 7 . . Programmers 3 | . . . . . . . . . . . . . . . . . . . 3 . . . . Attached 8 | . . . . . . . . . . . . . . . 2 1 . . 2 . 2 1 . Merged Code Value 10 | . . . . . . . . . . . . . . . . . . . . . 10 . . Fabnet Peak Effective % . | . . . . . . . . . . . . . . . . . . . . . . . . Robots Rewired 11 | . . . . . . . . 2 . . . . . . 6 . . . 3 . . . . Allies Hacked . | . . . . . . . . . . . . . . . . . . . . . . . . Hacks Repelled . | . . . . . . . . . . . . . . . . . . . . . . . . Allies | -11 -10 -10 -10 -9 -8 -8 -8 -7 -7 -6 -6 -6 -6 -6 -6 -5 -5 -5 -5 -5 -5 -4 -3 -------- Run | Yrd Mat Min Exi Min Mat Sto Gar Fac DSF Fac Was Fac Gar Fac Gar Fac Was Fac Gar Fac Gar Fac Res Total Allies 64 | . . 5 . . . 1 . 2 . . 19 . . . 8 . 19 1 3 5 . 1 . Largest Group 23 | . . 5 5 3 2 1 1 2 2 1 19 19 18 1 6 5 23 23 13 8 . 1 1 Highest-Rated Group 811 | . . 78 78 40 24 10 10 66 66 34 702 702 677 21 207 167 811 811 564 421 . 27 27 Highest-Rated Ally 119 | . . 31 31 16 16 10 10 34 34 34 50 50 50 21 40 40 50 50 119 116 . 27 27 Total Orders 6 | . . . . . . . . . . . . . . . . . . . 4 . . . 2 STAY 1 | . . . . . . . . . . . . . . . . . . . . . . . 1 ROAM 2 | . . . . . . . . . . . . . . . . . . . 2 . . . . FOLLOW 3 | . . . . . . . . . . . . . . . . . . . 2 . . . 1 Ally Attacks 503 | . . . . 15 12 . . . 6 . 10 36 116 . 16 . 45 74 91 82 . . . Total Damage 18956 | . . . . 108 93 . . . 679 . 940 647 5136 . 573 . 768 2005 4370 3637 . . . Kills 116 | . . . . 4 1 . . . 4 . 1 6 34 . 2 . 3 10 23 28 . . . Allies Corrupted 2 | . . . . . . . . . . . . . 2 . . . . . . . . . . Allies Melted 1 | . . . . . . . . . . . . . . . 1 . . . . . . . . Intel | -11 -10 -10 -10 -9 -8 -8 -8 -7 -7 -6 -6 -6 -6 -6 -6 -5 -5 -5 -5 -5 -5 -4 -3 ------- Run | Yrd Mat Min Exi Min Mat Sto Gar Fac DSF Fac Was Fac Gar Fac Gar Fac Was Fac Gar Fac Gar Fac Res Robot Analysis Total . | . . . . . . . . . . . . . . . . . . . . . . . . Derelict Logs Recovered 3 | . . 2 . 1 . . . . . . . . . . . . . . . . . . . Drone Launches . | . . . . . . . . . . . . . . . . . . . . . . . . Drone Recoveries . | . . . . . . . . . . . . . . . . . . . . . . . . Exploration | -11 -10 -10 -10 -9 -8 -8 -8 -7 -7 -6 -6 -6 -6 -6 -6 -5 -5 -5 -5 -5 -5 -4 -3 ------------- Run | Yrd Mat Min Exi Min Mat Sto Gar Fac DSF Fac Was Fac Gar Fac Gar Fac Was Fac Gar Fac Gar Fac Res Turns Passed 13726 | 54 436 596 845 604 860 1015 576 108 151 122 597 90 926 482 817 116 395 675 1172 454 1750 435 450 Spaces Moved 7412 | 35 194 356 524 354 475 533 310 56 79 72 312 57 560 233 428 71 211 417 642 248 787 167 291 Core 35 | 12 . . . . . . . . . . . . . . . . . . . . . . 23 Treads 7255 | 23 194 356 524 354 475 533 310 56 79 72 312 57 560 233 428 71 211 417 642 248 787 167 146 Legs . | . . . . . . . . . . . . . . . . . . . . . . . . Wheels 54 | . . . . . . . . . . . . . . . . . . . . . . . 54 Hover 68 | . . . . . . . . . . . . . . . . . . . . . . . 68 Flight . | . . . . . . . . . . . . . . . . . . . . . . . . Fastest Speed 50 | 50 160 160 160 160 160 160 160 160 160 165 160 160 160 160 160 160 160 160 160 160 160 160 50 Average Speed 158 | 122 160 160 160 160 160 160 160 160 162 165 160 160 160 160 160 160 160 160 160 160 160 160 119 Slowest Speed 166 | 160 160 160 160 160 160 160 160 160 166 165 166 160 160 160 160 160 160 160 160 160 160 160 160 Overloaded Moves . | . . . . . . . . . . . . . . . . . . . . . . . . Propulsion Burnouts . | . . . . . . . . . . . . . . . . . . . . . . . . Robots Hopped . | . . . . . . . . . . . . . . . . . . . . . . . . Cave-ins Triggered . | . . . . . . . . . . . . . . . . . . . . . . . . Time Travels 1 | . . . 1 . . . . . . . . . . . . . . . . . . . . Exploration Rate (%) 43 | 4 35 81 86 74 36 82 44 2 86 3 90 3 80 8 45 3 89 14 71 12 81 3 10 Regions Visited 23 Branch Regions 4 Pre-discovered Areas 2 | . . 2 . . . . . . . . . . . . . . . . . . . . . Known Exits Taken 8 | . . . . . 1 1 . 1 . . . 1 . 1 . . . 1 . 1 . 1 . Unknown Exits Taken 5 | 1 1 1 1 1 . . . . . . . . . . . . . . . . . . . Scrap Searched 1 | . . . . 1 . . . . . . . . . . . . . . . . . . . Spaces Dug 2 | . . . . . . 2 . . . . . . . . . . . . . . . . . Terrain Destroyed 154 | . . . . 14 32 47 . 1 2 . 2 . 52 . . . . . 1 . 3 . . Melee . | . . . . . . . . . . . . . . . . . . . . . . . . Projectile 79 | . . . . 2 32 36 . 1 2 . 2 . . . . . . . 1 . 3 . . AOE 75 | . . . . 12 . 11 . . . . . . 52 . . . . . . . . . . Terrain Rammed . | . . . . . . . . . . . . . . . . . . . . . . . . Walls Destroyed . | . . . . . . . . . . . . . . . . . . . . . . . . Machines Disabled . | . . . . . . . . . . . . . . . . . . . . . . . . Actions | -11 -10 -10 -10 -9 -8 -8 -8 -7 -7 -6 -6 -6 -6 -6 -6 -5 -5 -5 -5 -5 -5 -4 -3 --------- Run | Yrd Mat Min Exi Min Mat Sto Gar Fac DSF Fac Was Fac Gar Fac Gar Fac Was Fac Gar Fac Gar Fac Res Total 9157 | 46 252 383 533 386 578 697 391 75 103 76 415 56 592 333 537 74 258 421 763 289 1184 335 380 Wait 989 | . 4 14 1 15 55 122 60 3 4 . 22 . 5 81 25 . 9 . 62 19 275 154 59 Move 7386 | 34 193 355 523 353 474 532 308 55 78 72 311 56 558 232 426 71 210 416 640 247 785 166 291 Hop . | . . . . . . . . . . . . . . . . . . . . . . . . Pick Up 88 | 8 8 3 2 4 8 1 . . 3 2 16 . 3 . 4 1 4 . 1 . 15 2 3 Fast Attach 31 | . . 1 1 1 . 1 . . . . . . . 4 . . 1 1 3 1 8 2 7 Attach 46 | 4 3 1 1 1 3 . . 2 . 2 3 . . . 2 1 3 . . . 12 3 5 Detach 7 | . . 2 . . 2 . . . . . . . . . . . . . . . 2 1 . Swap 33 | . . 1 . 2 2 3 1 . 4 . 5 . . 1 4 1 6 . 2 . . 1 . Drop 78 | . 2 4 5 4 5 5 1 . 3 . 20 . 3 1 2 . 5 1 2 1 6 3 5 Fire 388 | . 40 1 . 6 29 33 21 2 11 . 38 . 22 14 35 . 20 3 20 17 63 3 10 Melee . | . . . . . . . . . . . . . . . . . . . . . . . . Ram . | . . . . . . . . . . . . . . . . . . . . . . . . Kick . | . . . . . . . . . . . . . . . . . . . . . . . . Crush 24 | . 2 1 . . . . . . . . . . . . . . . . . 3 18 . . Escape Stasis 2 | . . . . . . . . . . . . . . . . . . . 2 . . . . Rewire 85 | . . . . . . . . 13 . . . . 1 . 39 . . . 31 1 . . . Trap . | . . . . . . . . . . . . . . . . . . . . . . . . Miscellaneous . | . . . . . . . . . . . . . . . . . . . . . . . . Route ------- -11/Scrapyard -10/Materials (discovered 2 exits: [*Min x2]) -10/Mines (discovered 3 exits: [*Mat x2] / *Exi) -10/Exiles -9/Mines -8/Materials (discovered 2 exits: *Fac / *Sto) -8/Storage (discovered 2 exits: Rec / Gar) -8/Garrison (discovered 3 exits: *Fac x3) -7/Factory -7/DSF -6/Factory -6/Waste -6/Factory -6/Garrison (discovered 3 exits: *Fac x3) -6/Factory (discovered 2 exits: *Fac / Gar) -6/Garrison (discovered 2 exits: *Fac x2) -5/Factory -5/Waste -5/Factory (discovered 2 exits: *Fac / Gar) -5/Garrison (discovered 2 exits: *Fac x2) -5/Factory -5/Garrison (discovered 2 exits: *Fac x2) -4/Factory (discovered 2 exits: *Res / DSF) -3/Research History --------- Turn | Location | Event 7 | -11/Scrapyard | Discovered new exit (range 16) 55 | -11/Scrapyard | Entered Materials 305 | -10/Materials | Build established: Mutant 355 | -10/Materials | Core integrity fell below 50% 360 | -10/Materials | Discovered new exit (range 13) 414 | -10/Materials | Discovered new exit (range 10) 491 | -10/Materials | Entered Mines 498 | -10/Mines | Discovered new exit (range 9) 548 | -10/Mines | Joined a pair of Derelicts in attacking an 0b10 outpost 882 | -10/Mines | Discovered new exit (range 14) 1026 | -10/Mines | Assisted by bots powering up and referring to "LRC-V3" 1063 | -10/Mines | Deemed a non-threat by the Exiles lab entrance 1063 | -10/Mines | Discovered new exit (range 5) 1087 | -10/Mines | Entered Exiles 1087 | -10/Exiles | Accompanied by 5 allies 1117 | -10/Exiles | Led the pair of lost Derelicts to a safe place 1128 | -10/Exiles | Met 8R-AWN 1157 | -10/Exiles | Met EX-HEX 1200 | -10/Exiles | Met EX-BIN 1220 | -10/Exiles | Aligned with FarCom system 1221 | -10/Exiles | Given EX-Vault access code 1258 | -10/Exiles | Opened EX-Vault 1322 | -10/Exiles | Warned to stay clear of 0b10 Research branches 1428 | -10/Exiles | Found Prototype Device 1444 | -10/Exiles | Identified Chronowheel 1444 | -10/Exiles | Activated Chronowheel 1444 | -10/Exiles | Spacetime reconverged on an earlier point 1456 | -10/Exiles | Found Prototype Energy Gun 1456 | -10/Exiles | Identified AWS/Thermal 1581 | -10/Exiles | Found Prototype Ballistic Gun 1660 | -10/Exiles | Met EX-DEC 1708 | -10/Exiles | Visited The Gauntlet 1918 | -10/Exiles | Discovered new exit (range 10) 1932 | -10/Exiles | Left Exiles lab with XL Autogun Array 1932 | -10/Exiles | Entered Mines 1932 | -9/Mines | Accompanied by 3 allies 2372 | -9/Mines | Met a Derelict shopkeep closing up shop 2474 | -9/Mines | Learned Materials security intel 2512 | -9/Mines | Discovered new exit (range 5) 2536 | -9/Mines | Entered Materials 2536 | -8/Materials | Accompanied by 2 allies 2536 | -8/Materials | Evolved 4 slots: Utility x2, Weapon x2 2539 | -8/Materials | Identified XL Autogun Array 3022 | -8/Materials | Build established: Skirmisher 3229 | -8/Materials | Discovered new exit (range 9) 3240 | -8/Materials | Identified exit to Factory 3379 | -8/Materials | Discovered new exit (range 6) 3388 | -8/Materials | Identified exit to Storage 3396 | -8/Materials | Entered Storage 4184 | -8/Storage | Identified exit to Recycling 4408 | -8/Storage | Identified exit to Garrison 4411 | -8/Storage | Entered Garrison 4411 | -8/Garrison | Accompanied by 1 ally 4464 | -8/Garrison | Installed Relay Interface Framework 4541 | -8/Garrison | Triggered checkpoint 4575 | -8/Garrison | Garrison Relay disabled 4601 | -8/Garrison | Discovered exit to Factory (range 27) 4601 | -8/Garrison | Discovered exit to Factory (range 62) 4601 | -8/Garrison | Discovered exit to Factory (range 84) 4641 | -8/Garrison | Triggered checkpoint 4719 | -8/Garrison | Triggered checkpoint 4725 | -8/Garrison | Triggered checkpoint 4783 | -8/Garrison | Triggered checkpoint 4848 | -8/Garrison | Expanded RIF knowledge: Program Shield 4987 | -8/Garrison | Entered Factory 4987 | -7/Factory | Evolved 2 slots: Propulsion x1, Utility x1 5047 | -7/Factory | Identified exit to DSF 5095 | -7/Factory | Entered DSF 5095 | -7/DSF | Accompanied by 2 allies 5127 | -7/DSF | Additional patrols routed to DSF 5142 | -7/DSF | Build established: Scavenger-Skirmisher 5209 | -7/DSF | Discovered new exit (range 14) 5233 | -7/DSF | Identified exit to Factory 5241 | -7/DSF | Sterilization system engaged 5246 | -7/DSF | Entered Factory 5246 | -6/Factory | Accompanied by 1 ally 5246 | -6/Factory | Evolved 2 slots: Propulsion x1, Utility x1 5368 | -6/Factory | Sucked down chute 5368 | -6/Factory | Entered Waste 5373 | -6/Waste | 1 allies followed down the chute 5402 | -6/Waste | Spotted C-40 Crusher 5406 | -6/Waste | Spotted C-40 Crusher 5409 | -6/Waste | Allies destroyed C-40 Crusher 5411 | -6/Waste | Spotted C-40 Crusher 5416 | -6/Waste | Destroyed C-40 Crusher 5430 | -6/Waste | Destroyed C-40 Crusher 5436 | -6/Waste | Spotted C-40 Crusher 5550 | -6/Waste | Spotted C-40 Crusher 5558 | -6/Waste | Destroyed C-40 Crusher 5638 | -6/Waste | Spotted C-40 Crusher 5642 | -6/Waste | Destroyed C-40 Crusher 5656 | -6/Waste | Destroyed C-40 Crusher 5834 | -6/Waste | Warlord forces began an assault 5941 | -6/Waste | Discovered new exit (range 12) 5960 | -6/Waste | Identified exit to Factory 5965 | -6/Waste | Entered Factory 5965 | -6/Factory | Accompanied by 19 allies 5999 | -6/Factory | Garrison activated, responded to threat 6045 | -6/Factory | Identified exit to Garrison 6055 | -6/Factory | Entered Garrison 6055 | -6/Garrison | Accompanied by 18 allies 6137 | -6/Garrison | Triggered checkpoint 6162 | -6/Garrison | Garrison Relay disabled 6263 | -6/Garrison | Triggered checkpoint 6265 | -6/Garrison | Triggered checkpoint 6277 | -6/Garrison | Triggered checkpoint 6278 | -6/Garrison | Triggered checkpoint 6337 | -6/Garrison | Lost 4 allies 6363 | -6/Garrison | Discovered new exit (range 8) 6382 | -6/Garrison | Identified exit to Factory 6407 | -6/Garrison | Phase Generator disabled 6453 | -6/Garrison | Lost 3 allies 6460 | -6/Garrison | Garrison Relay disabled 6462 | -6/Garrison | Garrison Relay disabled 6521 | -6/Garrison | Triggered checkpoint 6647 | -6/Garrison | Spotted Striker 6647 | -6/Garrison | Spotted Striker 6658 | -6/Garrison | Allies destroyed Striker 6661 | -6/Garrison | Allies destroyed Striker 6679 | -6/Garrison | Discovered exit to Factory (range 11) 6689 | -6/Garrison | Lost 3 allies 6692 | -6/Garrison | Garrison Relay disabled 6851 | -6/Garrison | Spotted B-90 Cyclops 6907 | -6/Garrison | Lost 4 allies 6934 | -6/Garrison | Discovered exit to Factory (range 12) 6948 | -6/Garrison | Expanded RIF knowledge: Zone Cloak 6981 | -6/Garrison | Entered Factory 6981 | -6/Factory | Accompanied by 1 ally 7177 | -6/Factory | Discovered new exit (range 9) 7241 | -6/Factory | Identified exit to Factory 7404 | -6/Factory | Garrison activated, responded to threat 7462 | -6/Factory | Identified exit to Garrison 7463 | -6/Factory | Entered Garrison 7617 | -6/Garrison | Triggered checkpoint 7665 | -6/Garrison | Garrison Relay disabled 7680 | -6/Garrison | Garrison Relay disabled 7781 | -6/Garrison | Triggered checkpoint 7837 | -6/Garrison | Discovered exit to Factory (range 11) 7878 | -6/Garrison | Build established: Scavenger-Gunner 7925 | -6/Garrison | Triggered checkpoint 7959 | -6/Garrison | Triggered checkpoint 8027 | -6/Garrison | Expanded RIF knowledge: Structural Interface 8155 | -6/Garrison | Garrison Relay disabled 8271 | -6/Garrison | Discovered exit to Factory (range 6) 8277 | -6/Garrison | Triggered checkpoint 8280 | -6/Garrison | Entered Factory 8280 | -5/Factory | Accompanied by 5 allies 8280 | -5/Factory | Evolved 2 slots: Power x1, Utility x1 8396 | -5/Factory | Sucked down chute 8396 | -5/Factory | Entered Waste 8448 | -5/Waste | Spotted C-40 Crusher 8454 | -5/Waste | Spotted C-40 Crusher 8461 | -5/Waste | Destroyed C-40 Crusher 8472 | -5/Waste | Destroyed C-40 Crusher 8523 | -5/Waste | Spotted C-40 Crusher 8527 | -5/Waste | Spotted C-40 Crusher 8531 | -5/Waste | 6 allies followed down the chute 8533 | -5/Waste | Allies destroyed C-40 Crusher 8541 | -5/Waste | Spotted C-40 Crusher 8542 | -5/Waste | Destroyed C-40 Crusher 8549 | -5/Waste | Allies destroyed C-40 Crusher 8556 | -5/Waste | Warlord forces began an assault 8559 | -5/Waste | Spotted C-40 Crusher 8563 | -5/Waste | Allies destroyed C-40 Crusher 8722 | -5/Waste | Discovered new exit (range 13) 8780 | -5/Waste | Identified exit to Factory 8791 | -5/Waste | Entered Factory 8791 | -5/Factory | Accompanied by 23 allies 8863 | -5/Factory | Build established: Scavenger-Skirmisher 8892 | -5/Factory | Lost 3 allies 8977 | -5/Factory | Discovered new exit (range 11) 8993 | -5/Factory | Identified exit to Factory 9008 | -5/Factory | Fabricated T-07 Excavator? 9459 | -5/Factory | Identified exit to Garrison 9466 | -5/Factory | Entered Garrison 9466 | -5/Garrison | Accompanied by 13 allies 9481 | -5/Garrison | Lost 8 allies 9508 | -5/Garrison | Expanded RIF knowledge: Coupler Efficiency 9593 | -5/Garrison | Garrison Relay disabled 9634 | -5/Garrison | Rewired Executioner 9699 | -5/Garrison | Triggered checkpoint 9710 | -5/Garrison | Triggered checkpoint 9788 | -5/Garrison | Spotted B-90 Cyclops 9790 | -5/Garrison | Spotted B-90 Cyclops 9810 | -5/Garrison | Allies destroyed B-90 Cyclops 9829 | -5/Garrison | Destroyed B-90 Cyclops 9845 | -5/Garrison | Lost 5 allies 9859 | -5/Garrison | Rewired B-86 Titan 9881 | -5/Garrison | Rewired B-86 Titan 10004 | -5/Garrison | Triggered checkpoint 10005 | -5/Garrison | Garrison Relay disabled 10068 | -5/Garrison | Discovered new exit (range 10) 10095 | -5/Garrison | Identified exit to Factory 10309 | -5/Garrison | Discovered exit to Factory (range 9) 10322 | -5/Garrison | Build established: Bothacker-Skirmisher 10348 | -5/Garrison | Triggered checkpoint 10638 | -5/Garrison | Entered Factory 10638 | -5/Factory | Accompanied by 6 allies 10712 | -5/Factory | Fabricated K-01 Serf? 10891 | -5/Factory | Lost 3 allies 10938 | -5/Factory | First assault squad dispatched 11071 | -5/Factory | Identified exit to Garrison 11084 | -5/Factory | Lost 6 allies 11092 | -5/Factory | Entered Garrison 11123 | -5/Garrison | Lost 6 parts (2p1u3w) 11541 | -5/Garrison | Lost 3 parts (2n1w) 11634 | -5/Garrison | Triggered checkpoint 11646 | -5/Garrison | Garrison Relay disabled 11818 | -5/Garrison | Triggered checkpoint 12017 | -5/Garrison | Destroyed 7 combat bots 12086 | -5/Garrison | Triggered checkpoint 12091 | -5/Garrison | Discovered exit to Factory (range 11) 12128 | -5/Garrison | Build established: Scavenger-Gunner 12178 | -5/Garrison | Triggered checkpoint 12294 | -5/Garrison | Triggered checkpoint 12380 | -5/Garrison | Discovered exit to Factory (range 15) 12478 | -5/Garrison | Triggered checkpoint 12648 | -5/Garrison | Expanded RIF knowledge: Code Merge 12780 | -5/Garrison | Garrison Relay disabled 12842 | -5/Garrison | Entered Factory 12842 | -4/Factory | Evolved 2 slots: Utility x2 13092 | -4/Factory | First assault squad dispatched 13254 | -4/Factory | Discovered new exit (range 6) 13255 | -4/Factory | Identified exit to DSF 13262 | -4/Factory | Identified exit to Research 13277 | -4/Factory | Entered Research 13277 | -3/Research | Accompanied by 1 ally 13277 | -3/Research | Evolved 2 slots: Propulsion x1, Utility x1 13449 | -3/Research | Build established: Scavenger-Skirmisher 13658 | -3/Research | System corruption reached 10% 13708 | -3/Research | Core integrity fell below 50% 13720 | -3/Research | Core integrity fell below 20% 13727 | -3/Research | Destroyed by H-77 Assassin with Coil Gun Last Messages --------------- G-67 Veteran destroyed. Relay Coupler [NC] destroyed. Detecting nearby Garrison Access. Slug penetrates Antimatter Diverter. K-01 Serf cleans the Antimatter Diverter. R-10 Processor destroyed. R-10 Processor collects Antimissile System. R-10 Processor collects Hpw. Tractor Beam. Acquired Imp. Antigrav System. K-01 Serf collects debris. R-10 Processor collects Corrupted Lgt. Ion Engine. R-10 Processor collects Imp. Transmission Jammer. System corrupted: Imp. Antigrav System rejected. K-01 Serf collects debris. Antimatter Diverter explodes. S-43 Plague destroyed. T-07 Excavator destroyed. Penetrated by Slug. Map ----- +----------------------------------------------------+ | ?????????????????????????????????????????????????? | | ?????????????????????????????????????????????????? | | ?????????????????????????????????????????????????? | | ?????????????????????????????????????????????????? | | ?????????????????????????????????????????????????? | | ?????????????????????????????????????????????????? | | ?????????????????????????????????????????????????? | | ?????????????????????????????????????????????????? | | ????????????????????????????w????????????????????? | | ?????????????????????????????????????????????????? | | ?????????????????????????????????????????????????? | | ?????????????????????? ????????????????????????? | | ????????????????????? ????????????????????????? | | ????????????????????? ????????????????????????? | | ?????????????????????" ????????????????????????? | | ????????????????? """ ????????????????????????? | | ????????????????? """ ????????????????????????? | | ??????????????# ?? k ????????????????????????? | | ??????????????# ? #???????????????????????? | | ??????????????# #???????????????????????? | | ??????????????# """ #???????????????????????? | | ??????????????# """ #???????????????????????? | | ??????????????# """ ###?????????????????????? | | ?????????? ! # "#?????????????????????? | | ????????? ""#?????????????????????? | | ????????? [ @G#?????????????????????? | | ????????? ""#?????????????????????? | | ????????? "#?????????????????????? | | ????????? = ##?????????????????????? | | ?????????? h= = #??????????????????????? | | ?????????? hs% p #??????????????????????? | | ???????????+## =##??????????????????????? | | ???????? %R*#??????????????????????? | | ???????? = ##########?????????????? | | ???????? = # #?????????????? | | ????????? # =#?????????????? | | ?????????############# # """ #?????????????? | | ?????????????????????# pp # """ #?????????????? | | ?????????????????????# g# """ #?????????????? | | ?????????????????????# g# #?????????????? | | ???????????########### # #?????????????? | | ???????????# # w=#[! = #?????????????? | | ???????????# + /%!= #?????????????? | | ???????????# # ##########?????????????? | | ???????????# # #??????????????????????? | | ???????????# # #??????????????????????? | | ???????????# """ # #??????????????????????? | | ???????????# """ # #??????????????????????? | | ???????????# """ # #??????????????????????? | | ???????????######/#### #??????????????????????? | +----------------------------------------------------+ Best States ------------- Heat Dissipation 65 Energy Generation 37 Energy Capacity 800 Matter Stores 500 Matter Capacity 500 Sight Range 16 Robot Scan Range 16 Terrain Scan Density 10 Jamming Range 14 Armor Coverage 450 Weapon Shielding 33 Point Defense Rating 240 Phase Shifting 15 Evasion (%) 55 Targeting Accuracy 5 Core Analysis 6 Recoil Reduction 4 Particle Charging 15 Offensive Hacking 10 Relay Coupler Types 3 Relay Coupler Value 124 Item Schematics ----------------- None Robot Schematics ------------------ None Fabricated ------------ T-07 Excavator | x1 | -5/Factory | Preloaded K-01 Serf | x1 | -5/Factory | Preloaded Alien Tech Used ----------------- None Achievements -------------- Below Generalissimo Gun Specialist Challenges ------------ None Game ------ Seed QuantumSniperFirepult Manual? 0 Play Time 02:37:55 Cumulative 34.0 hours Start 2024.04.12 @ 23:03:12 End 2024.04.13 @ 02:45:36 Sessions 1 Manual Loads 0 Difficulty Rogue Special Mode None Game No. 39 Rogue 30 Adventurer 9 Explorer 0 Win Type - Total 0 Types 0/0/0/0/0/0/0/0/0 Lore% 24 Gallery% 39 Achievement% 30 Wizard Run 0 Options --------- Layout 1 ASCII 0 Keyboard 0 Movement Numpad Keybinds 0 Fullscreen 1 Font 24/Smallcaps Map View 50x35 Zoom Use 0% Tactical HUD 0 Map Filters NONE Filters NONE Steam 1 RUN: 0c49be37-cfbd-4fd1-9d4f-4cdb7432b758